 Dungeon Crawl Stone Soup version 0.30-b1-2-g02819fbbbe (webtiles) character file.

Game seed: 6406371520523110043

524762 Fartwhistle the Opulent (level 25, -5/202 HPs)
             Began as a Gnoll Hexslinger on Sept 9, 2023.
             Was an Initiate of Gozag.
             Slain by an eldritch tentacle (9 damage)
             ... called by the player character
             ... on level 2 of the Vaults.
             The game lasted 03:32:15 (58864 turns).

Fartwhistle the Opulent (Gnoll Hexslinger)         Turns: 58864, Time: 03:32:17

Health: -5/202     AC: 21    Str: 12    XL:     25   Next: 42%
Magic:  51/53      EV: 32    Int: 19    God:    Gozag
Gold:   9538       SH:  0    Dex: 31    Spells: 8/59 levels left

rFire   + . .        r - +6 triple crossbow (heavy)
rCold   + + .        (shield currently unavailable)
rNeg    . . .        g - +2 leather armour of Niatil {rPois rF++ Dex+3}
rPois   +            V - +2 helmet
rElec   .            j - +0 cloak of Yduol {rC+ MP+9 Int+3 SInv}
rCorr   .            E - +0 pair of gloves "Huaptes" {Will+ Stlth+}
SInv    +            G - +2 pair of boots
Will    ++...        Z - amulet of the Garden {Acrobat rC+ Int+5}
Stlth   ++++++++     t - +6 ring of dexterity
HPRegen 0.53/turn    Q - +4 ring of protection
MPRegen 0.33/turn

%: acrobat
@: hasted, studying Throwing, very quick
A: fangs 1, strong nose, distributed training, [deformed body], [dopey 1], [heat
vulnerability 1], [inability to read after injury 1]
}: 3/15 runes: decaying, serpentine, silver
a: Renounce Religion, Potion Petition, Call Merchant, Bribe Branch


You were on level 2 of the Vaults.
You worshipped Gozag.
Gozag was greatly pleased with you.
You visited 8 branches of the dungeon, and saw 42 of its levels.
You visited the Abyss 1 time.
You visited 1 bazaar.
You also visited: Bailey, Gauntlet and Ice Cave.

You collected 25983 gold pieces.
You spent 8764 gold pieces at shops.
You paid 7681 gold pieces to Gozag.

Inventory:

Hand Weapons
 i - the +6 arbalest "Damnation" {damnation}
   (You bought it in a shop on level 3 of the Depths)
 k - the +9 scimitar of the Morning {spect, Str+4}
   (You took it off a minotaur in a Gauntlet)

   Str:       It affects your strength (+4).
 r - a +6 heavy triple crossbow (weapon)
 s - a +9 arbalest of freezing
 X - the +9 war axe "Pemezait" {flame, rF+ Stlth+}
   (You found it on level 3 of the Elven Halls)

   rF:        It protects you from fire.
   Stlth:     It makes you more stealthy.
Armour
 g - the +2 leather armour of Niatil (worn) {rPois rF++ Dex+3}
   (You found it on level 5 of the Dungeon)

   Dex:       It affects your dexterity (+3).
   rF:        It greatly protects you from fire.
   rPois:     It protects you from poison.
 j - the +0 cloak of Yduol (worn) {rC+ MP+9 Int+3 SInv}
   (You found it in a Gauntlet)

   Int:       It affects your intelligence (+3).
   rC:        It protects you from cold.
   MP:        It affects your magic capacity (+9).
   SInv:      It lets you see invisible.
 n - the +3 pearl dragon scales "Jeusisum" {rF+ rN+ MP+9 Dex-2}
   (You took it off a yaktaur captain on level 5 of the Vaults)

   Dex:       It affects your dexterity (-2).
   rF:        It protects you from fire.
   rN:        It protects you from negative energy.
   MP:        It affects your magic capacity (+9).
 E - the +0 pair of gloves "Huaptes" (worn) {Will+ Stlth+}
   (You found it on level 2 of the Depths)

   Will:      It increases your willpower.
   Stlth:     It makes you more stealthy.
 G - a +2 pair of boots (worn)
 V - a +2 helmet (worn)
Jewellery
 o - the ring "Wiwif Kucots" {rN++ Str+6}
   (You found it on level 1 of the Depths)

   [ring of strength]

   Str:       It affects your strength (+6).
   rN:        It greatly protects you from negative energy.
 t - a +6 ring of dexterity (left hand)
 Q - a +4 ring of protection (right hand)
 Y - a ring of willpower
 Z - the amulet of the Garden (around neck) {Acrobat rC+ Int+5}
   (You found it in a Gauntlet)

   [amulet of the acrobat]

   It increases your evasion while moving and waiting.
   Int:       It affects your intelligence (+5).
   rC:        It protects you from cold.
Wands
 d - a wand of digging (3)
 h - a wand of acid (28)
 C - a wand of iceblast (46)
 R - a wand of mindburst (22)
 W - a wand of polymorph (4)
Scrolls
 a - 9 scrolls of amnesia
 b - 14 scrolls of poison
 c - 16 scrolls of teleportation
 f - 10 scrolls of magic mapping
 m - 4 scrolls of blinking
 p - 10 scrolls of immolation
 q - 24 scrolls of identify
 v - 12 scrolls of fear
 A - 9 scrolls of fog
 J - 4 scrolls of enchant armour
 P - a scroll of silence
 T - 3 scrolls of torment
 U - 6 scrolls of vulnerability
Potions
 e - 6 potions of heal wounds
 l - 17 potions of curing
 w - 2 potions of brilliance
 x - 13 potions of mutation
 D - 2 potions of invisibility
 F - 4 potions of haste
 H - 7 potions of attraction
 I - 11 potions of might
 L - 9 potions of magic
 N - 2 potions of cancellation
 O - 10 potions of flight
 S - 2 potions of resistance
Miscellaneous
 y - a phantom mirror
 z - a lightning rod (4/4)
 B - a tin of tremorstones (2/2)
 K - a box of beasts
 M - a phial of floods


   Skills:
 + Level 17.5 Fighting
 + Level 17.4 Short Blades
 + Level 17.4 Long Blades
 + Level 17.4 Axes
 + Level 17.4 Maces & Flails
 + Level 17.4 Polearms
 + Level 17.4 Staves
 + Level 17.9 Ranged Weapons
 + Level 17.8 Throwing
 + Level 17.4 Armour
 + Level 17.9 Dodging
 + Level 17.4 Stealth
 + Level 17.4 Shields
 + Level 17.4 Unarmed Combat
 + Level 17.6 Spellcasting
 + Level 14.8 Conjurations
 + Level 15.7 Hexes
 + Level 14.8 Summonings
 + Level 14.8 Necromancy
 + Level 14.8 Translocations
 + Level 14.8 Transmutations
 + Level 14.8 Fire Magic
 + Level 14.8 Ice Magic
 + Level 14.8 Air Magic
 + Level 14.8 Earth Magic
 + Level 14.8 Poison Magic
 + Level 18.8 Invocations
 + Level 17.4 Evocations


You had 8 spell levels left.
You knew the following spells:

 Your Spells              Type           Power      Damage    Failure   Level
a - Slow                  Hex            100%       N/A       0%          1
b - Ozocubu's Refrigerat  Ice            32%        4d14      8%          7
d - Fireball              Conj/Fire      32%        3d14      1%          5
e - Freezing Cloud        Conj/Ice/Air   32%        6-21      1%          5
f - Summon Forest         Summ/Tloc      32%        N/A       1%          5
g - Summon Cactus Giant   Summ           32%        N/A       1%          6
h - Haunt                 Necr/Summ      32%        N/A       8%          7
i - Malign Gateway        Summ/Tloc      32%        N/A       8%          7
j - Borgnjor's Revivific  Necr           32%        N/A       52%         8

Your spell library contained the following spells:

 Spells                   Type           Power      Damage    Failure   Level
 Apportation              Tloc           100%       N/A       0%          1
 Beastly Appendage        Tmut           100%       N/A       0%          1
 Foxfire                  Conj/Fire      100%       2x1d9     0%          1
 Freeze                   Ice            100%       1d10      0%          1
 Magic Dart               Conj           100%       1d8       0%          1
 Necrotise                Necr           100%       1d9       0%          1
 Shock                    Conj/Air       100%       1d9       0%          1
 Summon Small Mammal      Summ           100%       N/A       0%          1
 Call Imp                 Summ           100%       N/A       0%          2
 Cigotuvi's Dreadful Rot  Necr/Pois/Air  100%       N/A       0%          2
 Lesser Beckoning         Tloc           100%       N/A       0%          2
 Poisonous Vapours        Pois/Air       100%       N/A       0%          2
 Scorch                   Fire           100%       2d9       0%          2
 Static Discharge         Conj/Air       100%       2-7/arc   0%          2
 Sublimation of Blood     Necr           64%        N/A       0%          2
 Wereblood                Tmut           64%        N/A       0%          2
 Dazzling Flash           Conj/Hex       100%       N/A       1%          3
 Gell's Gravitas          Tloc           64%        N/A       1%          3
 Ignite Poison            Fire/Tmut/Pois 64%        N/A       1%          3
 Inner Flame              Hex/Fire       65%        N/A       1%          3
 Mephitic Cloud           Conj/Pois/Air  64%        N/A       1%          3
 Ozocubu's Armour         Ice            64%        N/A       1%          3
 Portal Projectile        Hex/Tloc       100%       N/A       1%          3
 Spider Form              Tmut/Pois      64%        N/A       1%          3
 Stone Arrow              Conj/Erth      100%       3d13      1%          3
 Summon Guardian Golem    Hex/Summ       65%        N/A       1%          3
 Swiftness                Air            64%        N/A       1%          3
 Teleport Other           Tloc           64%        N/A       1%          3
 Tukima's Dance           Hex            66%        N/A       1%          3
 Volatile Blastmotes      Fire/Tloc      100%       2d18      1%          3
 Airstrike                Air            32%        2d(5-21)  1%          4
 Anguish                  Hex/Necr       32%        N/A       1%          4
 Animate Armour           Summ/Erth      100%       N/A       1%          4
 Cause Fear               Hex            33%        N/A       1%          4
 Flame Wave               Conj/Fire      64%        2d15      1%          4
 Iskenderun's Mystic Bla  Conj/Tloc      64%        2d13      1%          4
 Petrify                  Tmut/Erth      64%        N/A       1%          4
 Sticky Flame             Conj/Fire      64%        2d8       1%          4
 Summon Ice Beast         Ice/Summ       64%        N/A       1%          4
 Summon Lightning Spire   Summ/Air       64%        N/A       1%          4
 Blade Hands              Tmut           32%        N/A       1%          5
 Irradiate                Conj/Tmut      32%        3d22      1%          5
 Iskenderun's Battlesphe  Conj           64%        2d11      1%          5
 Lee's Rapid Deconstruct  Erth           32%        3d16*     1%          5
 Summon Mana Viper        Hex/Summ       65%        N/A       1%          5
 Conjure Ball Lightning   Conj/Air       32%        3x3d10    1%          6
 Death Channel            Necr           32%        N/A       1%          6
 Iron Shot                Conj/Erth      32%        9d7       1%          6
 Plasma Beam              Fire/Air       32%        2x1d49    1%          6
 Starburst                Conj/Fire      32%        6d10      1%          6
 Monstrous Menagerie      Summ           32%        N/A       8%          7
 Orb of Destruction       Conj           32%        9d10      8%          7
 Spellforged Servitor     Conj/Summ      32%        N/A       8%          7
 Summon Hydra             Summ           32%        N/A       8%          7
 Discord                  Hex            33%        N/A       38%         8
 Disjunction              Tloc           32%        N/A       52%         8
 Ignition                 Fire           32%        3d10      52%         8
 Infestation              Necr           32%        N/A       52%         8
 Lehudib's Crystal Spear  Conj/Erth      32%        10d8      52%         8
 Maxwell's Capacitive Co  Air            32%        ∞         52%         8
 Necromutation            Tmut/Necr      32%        N/A       52%         8
 Summon Horrible Things   Summ           32%        N/A       52%         8
 Death's Door             Necr           32%        N/A       100%        9
 Fire Storm               Conj/Fire      32%        8d8       100%        9
 Polar Vortex             Ice            32%        N/A       100%        9
 Animate Dead             Necr           Unusable   N/A       N/A         4
 Simulacrum               Ice/Necr       Unusable   N/A       N/A         6

Dungeon Overview and Level Annotations

Branches:
Dungeon (15/15)            Temple (0/1) D:5            Lair (5/5) D:11
  Swamp (4/4) Lair:2        Snake (4/4) Lair:3        Slime (0/5) Lair:4
    Orc (2/2) D:10            Elf (3/3) Orc:2        Vaults (5/5) D:13
 Depths (4/4) D:15         Bailey (visited)           IceCv (visited)
Gauntlet (visited)
  Crypt: Vaults:2-3     Zot: Depths:4

Altars:
Cheibriados
Dithmenos
Elyvilon
Fedhas
Gozag
Hepliaklqana
Kikubaaqudgha
Makhleb
Nemelex Xobeh
Okawaru
Qazlal
Ru
Sif Muna
Uskayaw
Wu Jian
Xom
Yredelemnul
Jiyva

Shops:
D:6 *[   Orc:2 [!![   Elf:1 ?   Elf:2 *(*(   Elf:3 ::=   Snake:1 =   Vaults:4 *
Depths:1 *   Depths:3 ?((

Portals:
Hell: Depths:1 Depths:2 Depths:3
Abyss: Depths:1 Depths:3
Pandemonium: Depths:2
Ziggurat: Depths:3

Annotations:
D:10 1 runed translucent door, exclusion: oklob plant, anoamas321's ghost, journeyman GnWr
Lair:1 2 runed translucent doors, Fartwhistle's ghost, journeyman GnHu
Snake:2 1 runed translucent door, sleeves's ghost, adept BaSu
Depths:3 exclusion: downstairs
Depths:4 Parghit; the Enchantress


Innate Abilities, Weirdness & Mutations

You have very sharp teeth.
Your uncanny sense of smell can sniff out nearby items.
Your experience applies equally to all skills.
[Armour fits poorly on your strangely shaped body.]
[You are dopey. (Int -2)]
[You are vulnerable to heat. (rF-)]
[You occasionally lose the ability to read scrolls when taking damage.]


Message History

An eldritch tentacle is nearby!
An eldritch tentacle is nearby!
An eldritch tentacle is nearby!
The eldritch tentacle slaps you but does no damage.
The eldritch tentacle completely misses you.
The eldritch tentacle slaps you!
* * * LOW HITPOINT WARNING * * *
The eldritch tentacle completely misses you.
The eldritch tentacle completely misses you.
The eldritch tentacle claws you!
* * * LOW HITPOINT WARNING * * *
The eldritch tentacle shocks you!!
* * * LOW HITPOINT WARNING * * *
The eldritch tentacle completely misses you. x2
You see here 5 gold pieces.
You feel much better. The eldritch tentacle slaps you.
* * * LOW HITPOINT WARNING * * *
You are engulfed in flames!
You resist.
* * * LOW HITPOINT WARNING * * *
The eldritch tentacle completely misses you.
The eldritch tentacle completely misses you.
The eldritch tentacle misses you. [a] - 648 gold - lignification, might, resistance and haste [b] - 360 gold - haste and heal wounds [c] - 506 gold - resistance, invisibility and might Purchase which effect?
You feel yourself speed up.
You feel much better. The eldritch tentacle slaps you!
* * * LOW HITPOINT WARNING * * *
The eldritch tentacle freezes you! You resist.
* * * LOW HITPOINT WARNING * * *
The eldritch tentacle closely misses you.
Unknown command.
You feel much better. The eldritch tentacle slaps you!
* * * LOW HITPOINT WARNING * * *
The eldritch tentacle claws you!!
* * * LOW HITPOINT WARNING * * *
You are engulfed in flames!
You resist.
You die...
Your body crumbles into a pile of gold.

#...........#...............#....
#...........#.......∆...)...#....
#+###########..####+###.....#....
#..#.$$$..#.....'....
#..#..>.*.#.....'....
#..#.../.$#....[#####
#..#../...#.....#
#..#$w..$$#.....#
#..#@$....#.....#
#..########.....# .......#
........# ........#


You could see an eldritch tentacle.

Vanquished Creatures
  2 ancient liches (Vaults:5)
  Margery (Vaults:4)
  6 golden dragons
  Nikola (Elf:1)
  A bone dragon (Abyss:2)
  The ghost of Sul Oph the Hoplite, an adept MiFi of the Shining One (Depths:1)
  A hellephant (Depths:1)
  3 liches (Depths:1)
  2 Ice Fiends (IceCv)
  2 tentacled monstrosities (Vaults:5)
  Rupert (Orc:2)
  A walking earthen tome (Depths:2)
  3 titans (Vaults:5)
  5 deep elf blademasters
  2 quicksilver dragons
  A deep elf master archer (Elf:3)
  A walking frostbound tome (Depths:2)
  A tentacled starspawn (Abyss:2)
  2 shadow dragons (Vaults:5)
  5 sphinxes
  2 tengu reavers
  3 storm dragons
  14 nagarajas
  2 fenstrider witches (Swamp:2)
  8 fire giants
  8 vault wardens
  8 deep elf sorcerers
  10 frost giants
  An iron dragon (Vaults:5)
  Louise (Depths:1)
  2 orc warlords (Vaults:3)
  4 deep elf elementalists (Elf:3)
  9 ironbound preservers
  A balrug (Depths:1)
  2 spriggan defenders
  2 war gargoyles (Vaults:5)
  3 vampire knights
  12 stone giants
  8 ironbound thunderhulks
  2 reapers (Depths:1)
  9 very ugly things
  A dire elephant (Lair:5)
  2 deep elf demonologists (Elf:3)
  8 deep elf annihilators
  2 eleionomae
  Azrael (D:13)
  2 spark wasps
  A bunyip (Swamp:4)
  A minotaur (Gauntlet)
  8 ettins
  8 fire dragons
  7 deep elf death magi
  A jiangshi (Depths:3)
  6 entropy weavers
  Josephine (D:15)
  8 deep elf high priests
  3 great orbs of eyes
  An entropy weaver (shapeshifter) (Vaults:5)
  2 shambling mangroves
  A peacekeeper (Vaults:3)
  11 yaktaur captains
  3 rakshasas
  5 salamander tyrants
  23 vault guards
  3 ogre magi (Orc:2)
  2 ice dragons
  19 hydras
  7 anacondas
  9 ironbound frosthearts
  A caustic shrike simulacrum (Depths:2)
  A hell beast (Depths:1)
  2 spriggan air magi (Depths:2)
  5 boulder beetles
  13 two-headed ogres
  A death knight (D:14)
  8 alligators
  16 centaur warriors
  18 dancing weapons
  2 tengu warriors
  2 vampire magi
  4 death yaks (Gauntlet)
  12 deep troll shamans
  5 hell hogs
  10 deep troll earth magi
  14 naga warriors
  5 shock serpents
  4 soul eaters (Depths:1)
  11 naga sharpshooters
  2 spriggan berserkers (Depths:2)
  4 hell knights
  18 deep elf knights
  A wretched star (Abyss:2)
  Amaemon (Lair:3)
  A skyshark (Lair:5)
  6 iron trolls
  5 nameless horrors
  3 goliath frogs
  6 salamander mystics
  An anaconda zombie (Abyss:2)
  35 deep trolls
  6 spriggan druids
  A sea snake (Snake:2)
  2 orb spiders (shapeshifter) (Vaults:5)
  6 naga ritualists
  5 bog bodies
  3 flayed ghosts
  6 phantasmal warriors
  5 glowing orange brains
  A death drake (shapeshifter) (Vaults:5)
  8 swamp dragons
  An obsidian statue (IceCv)
  An anaconda skeleton (Abyss:2)
  8 ironbound convokers
  6 lindwurms
  2 spriggan simulacra (IceCv)
  10 deep elf archers
  A tengu zombie (Vaults:5)
  7 wizards
  31 deep elf zephyrmancers
  9 necromancers
  An oklob plant (D:11)
  3 harpies (Vaults:3)
  A human zombie (Vaults:5)
  4 large abominations (Abyss:2)
  A worldbinder (Abyss:2)
  2 tengu skeletons
  27 deep elf pyromancers
  12 orc knights
  A faun (Lair:2)
  A fire giant zombie (Depths:2)
  28 ugly things
  17 mana vipers
  A stone giant zombie (Vaults:3)
  4 manticores
  3 will-o-the-wisps
  6 cyclopes
  13 salamanders
  3 elephants (Lair:5)
  A black mamba (shapeshifter) (D:10)
  24 black mambas
  6 guardian serpents
  A rust devil (Abyss:2)
  A water nymph (shapeshifter) (Vaults:5)
  3 smoke demons
  2 ice statues (Snake:4)
  21 vault sentinels
  20 naga magi
  8 cane toads
  An apocalypse crab (Abyss:2)
  4 rime drakes
  An elf skeleton (Vaults:2)
  2 orange demons
  2 torpor snails (Gauntlet)
  A yaktaur zombie (Vaults:3)
  2 gargoyles
  A komodo dragon (shapeshifter) (Vaults:5)
  10 komodo dragons
  15 yaktaurs
  5 ice devils
  An unseen horror (D:10)
  2 efreet
  11 freezing wraiths
  3 kobold demonologists (D:10)
  2 ancient zymes (Abyss:2)
  A golden dragon simulacrum (Depths:2)
  2 tengu conjurers
  3 bloated husks
  A silent spectre (Abyss:2)
  4 tyrant leeches
  8 trolls
  A raiju (shapeshifter) (D:14)
  A meliai (shapeshifter) (Abyss:2)
  9 polar bears (Lair:5)
  Grinder (D:6)
  Prince Ribbit (D:5)
  6 hornets
  2 hellwings
  A tengu simulacrum (Depths:2)
  8 raiju
  19 slime creatures
  5 blink frogs
  A centaur simulacrum (D:10)
  A ynoxinul (Abyss:2)
  6 spriggans
  Sigmund (D:6)
  A dire elephant simulacrum (IceCv)
  5 air elementals
  A shadow (D:10)
  7 wraiths
  2 wyverns
  8 basilisks
  3 water elementals
  2 vampires
  3 fire bats (Abyss:2)
  13 starcursed masses (Abyss:2)
  33 yaks
  11 fire elementals
  A golden eye (shapeshifter) (D:15)
  6 redbacks
  7 steam dragons
  3 small abominations (Abyss:2)
  14 vampire mosquitoes
  7 wargs
  A harpy simulacrum (IceCv)
  6 minotaur simulacra (IceCv)
  13 swamp worms
  Menkaure (D:7)
  47 nagas
  3 acid dragons
  A naga (shapeshifter) (Abyss:2)
  A hydra simulacrum (IceCv)
  16 water moccasins
  13 hell hounds
  A water moccasin (shapeshifter) (Vaults:5)
  2 floating eyes (Depths:2)
  A human skeleton (Vaults:3)
  An ice beast (D:7)
  13 swamp drakes
  8 black bears
  2 alligator simulacra (IceCv)
  18 orc warriors
  An ettin simulacrum (IceCv)
  22 ogres
  A boggart (Vaults:4)
  2 elephant zombies (Lair:4)
  55 wolves
  8 centaurs
  9 bullfrogs
  9 kobold brigands
  Blork the orc (D:6)
  3 gnoll sergeants
  3 earth elementals
  A scorpion (D:5)
  4 wights (D:7)
  A lindwurm simulacrum (IceCv)
  A human simulacrum (Vaults:5)
  16 killer bees
  3 electric eels
  10 howler monkeys
  A quasit (Abyss:2)
  A basilisk zombie (Lair:4)
  4 hounds
  2 gnoll boudas
  12 orc priests
  An iron imp (Abyss:2)
  A jelly (D:7)
  5 iguanas
  22 orc wizards
  2 adders
  23 gnolls
  A white imp (D:6)
  3 ufetubi
  A worm (D:5)
  8 dart slugs
  73 orcs
  9 endoplasms
  3 giant cockroaches
  4 goblins (D:8)
  4 hobgoblins
  2 jackals (D:2)
  10 kobolds
  A quokka (D:3)
  A ball python (D:2)
  6 bats
  5 frilled lizards
  7 rats
  3 snaplasher vines
  A starspawn tentacle (Abyss:2)
1636 creatures vanquished.

Vanquished Creatures (collateral kills)
  An ancient lich (Depths:1)
  The ghost of Hiliwumm the Slayer, a veteran MiGl of Okawaru (Elf:1)
  3 golden dragons (Depths:2)
  A walking crystal tome (Depths:2)
  A tentacled monstrosity (Depths:2)
  A lich (Depths:2)
  A titan (Depths:2)
  A sphinx (Vaults:5)
  A shadow dragon (Vaults:5)
  2 tengu reavers
  A nagaraja (Snake:4)
  A vault warden (Vaults:2)
  Aizul (Elf:2)
  5 frost giants (Depths:2)
  A spriggan defender (Depths:2)
  8 very ugly things
  3 stone giants (Depths:2)
  An ironbound preserver (Vaults:2)
  A deep elf demonologist (Elf:3)
  The ghost of redmage the Arsonist, a journeyman MeEE of Sif Muna (Orc:2)
  2 bunyips
  4 spark wasps
  An eleionoma (Swamp:2)
  An ettin (Depths:2)
  A fire dragon (Depths:1)
  A jiangshi (Depths:3)
  An entropy weaver (Vaults:4)
  4 yaktaur captains (Vaults:5)
  A shambling mangrove (Swamp:3)
  A deep elf high priest (Vaults:2)
  2 great orbs of eyes (Vaults:2)
  A spriggan air mage (Depths:3)
  4 hydras
  A salamander tyrant (Depths:1)
  5 vault guards (Vaults:4)
  A rakshasa (Depths:2)
  An ogre mage (Orc:2)
  2 anacondas
  8 dancing weapons
  3 naga warriors
  2 deep troll shamans
  An alligator (Swamp:1)
  2 two-headed ogres (Orc:2)
  4 death yaks (Lair:5)
  4 deep troll earth magi
  2 spriggan berserkers
  2 naga sharpshooters
  A soul eater (Depths:1)
  A hell knight (Vaults:4)
  A titan skeleton (Vaults:2)
  An iron troll (Depths:2)
  5 deep elf knights
  2 swamp dragons
  A spriggan druid (Swamp:2)
  7 deep trolls
  A naga ritualist (Snake:4)
  2 ironbound convokers (Vaults:4)
  A glowing orange brain (Vaults:4)
  3 deep elf archers (Elf:1)
  A wizard (Vaults:2)
  6 deep elf pyromancers
  2 orc knights
  12 deep elf zephyrmancers
  3 mana vipers (Snake:1)
  11 ugly things
  2 orc sorcerers
  A salamander (Depths:2)
  A vault sentinel (Vaults:5)
  2 cane toads (Lair:5)
  A guardian serpent (Snake:3)
  5 black mambas
  4 naga magi
  3 yaktaurs
  2 trolls
  A bloated husk (Swamp:2)
  2 polar bears
  5 hornets
  A raiju (Lair:5)
  3 spriggans
  6 yaks
  2 redbacks (Vaults:4)
  2 vampire mosquitoes (Swamp:2)
  7 nagas
  2 swamp worms
  A water moccasin (Lair:5)
  A floating eye (Depths:3)
  3 orc warriors
  2 swamp drakes (Swamp:4)
  5 black bears (Lair:5)
  3 wolves
  4 ogres (Orc:2)
  A lindwurm simulacrum (IceCv)
  An orc wizard (Orc:2)
  3 orcs
235 creatures vanquished.

Vanquished Creatures (others)
  25 eldritch tentacles
  A fire giant (Vaults:5)
  An ogre mage (Vaults:5)
  A wizard (Vaults:2)
  A deep elf pyromancer (Elf:1)
  A deep elf zephyrmancer (Elf:1)
  A bloated husk (Swamp:4)
  An air elemental (D:11)
  A water elemental (D:11)
  A vampire mosquito (Swamp:2)
  A naga (Snake:3)
  An orc (D:8)
  2 foxfires (Swamp:3)
  35 fungi
  97 plants
  15 snaplasher vines
  2 starspawn tentacles (Abyss:2)
187 creatures vanquished.

Grand Total: 2058 creatures vanquished

Notes
Turn   | Place    | Note
-------+----------+-------------------------------------------
     0 | D:1      | Fartwhistle the Gnoll Hexslinger began the quest for the
                  | Orb.
     0 | D:1      | Reached XP level 1. HP: 17/17 MP: 4/4
   363 | D:1      | Reached XP level 2. HP: 23/23 MP: 5/5
   457 | D:1      | Found a faded altar of an unknown god.
   892 | D:1      | Found a white marble altar of Elyvilon.
  1054 | D:2      | Reached XP level 3. HP: 28/28 MP: 7/7
  1465 | D:2      | Reached skill level 1 in Invocations
  1684 | D:3      | Reached skill level 1 in Short Blades
  1684 | D:3      | Reached skill level 1 in Long Blades
  1684 | D:3      | Reached skill level 1 in Axes
  1684 | D:3      | Reached skill level 1 in Maces & Flails
  1684 | D:3      | Reached skill level 1 in Polearms
  1684 | D:3      | Reached skill level 1 in Staves
  1684 | D:3      | Reached skill level 1 in Throwing
  1684 | D:3      | Reached skill level 1 in Armour
  1684 | D:3      | Reached skill level 1 in Stealth
  1684 | D:3      | Reached skill level 1 in Shields
  1684 | D:3      | Reached skill level 1 in Unarmed Combat
  1684 | D:3      | Reached skill level 1 in Evocations
  1684 | D:3      | Reached XP level 4. HP: 34/34 MP: 8/8
  1716 | D:3      | Reached skill level 1 in Conjurations
  1716 | D:3      | Reached skill level 1 in Summonings
  1716 | D:3      | Reached skill level 1 in Necromancy
  1716 | D:3      | Reached skill level 1 in Translocations
  1716 | D:3      | Reached skill level 1 in Transmutations
  1716 | D:3      | Reached skill level 1 in Fire Magic
  1716 | D:3      | Reached skill level 1 in Ice Magic
  1716 | D:3      | Reached skill level 1 in Air Magic
  1716 | D:3      | Reached skill level 1 in Earth Magic
  1716 | D:3      | Reached skill level 1 in Poison Magic
  1716 | D:3      | Found a shadowy altar of Dithmenos.
  1930 | D:3      | Found a snail-covered altar of Cheibriados.
  2099 | D:3      | Found a stormy altar of Qazlal.
  2228 | D:4      | Reached XP level 5. HP: 39/40 MP: 9/9
  2250 | D:4      | Found a shimmering altar of Xom.
  2272 | D:4      | Found an iron altar of Okawaru.
  2284 | D:4      | Found a hazy altar of Hepliaklqana.
  2305 | D:4      | Found an opulent altar of Gozag.
  2315 | D:4      | Became a worshipper of Gozag Ym Sagoz the Greedy
  2484 | D:4      | Reached skill level 2 in Invocations
  2671 | D:4      | Reached XP level 6. HP: 47/47 MP: 9/11
  3002 | D:5      | Entered Level 5 of the Dungeon
  3009 | D:5      | Noticed a water moccasin
  3024 | D:4      | Killed a water moccasin
  3025 | D:4      | Reached skill level 5 in Ranged Weapons
  3025 | D:4      | Reached skill level 5 in Dodging
  3122 | D:5      | Noticed Prince Ribbit
  3131 | D:5      | Killed Prince Ribbit
  3132 | D:5      | Reached XP level 7. HP: 52/53 MP: 12/12
  3142 | D:5      | Reached skill level 3 in Invocations
  3295 | D:5      | Identified the +2 leather armour of Niatil {rPois rF++
                  | Dex+3}
  3420 | D:5      | Found a staircase to the Ecumenical Temple.
  3737 | D:6      | Found Ropuodir's Armour Emporium.
  3788 | D:6      | Noticed Grinder
  3794 | D:6      | Killed Grinder
  3795 | D:6      | Reached XP level 8. HP: 53/60 MP: 14/14
  3831 | D:6      | Found a sparkling altar of Nemelex Xobeh.
  3867 | D:6      | Noticed Blork the orc
  3872 | D:6      | Killed Blork the orc
  3885 | D:6      | Found a sacrificial altar of Ru.
  3886 | D:6      | Found a basalt altar of Yredelemnul.
  3924 | D:6      | Found a shimmering blue altar of Sif Muna.
  4029 | D:6      | Reached skill level 4 in Invocations
  4159 | D:6      | Found Vady's Serpentskin Sales.
  4196 | D:6      | Noticed Sigmund
  4200 | D:6      | Killed Sigmund
  4201 | D:6      | Reached XP level 9. HP: 55/66 MP: 16/16
  4205 | D:6      | Learned a level 3 spell: Inner Flame
  4210 | D:6      | Learned a level 4 spell: Cause Fear
  4557 | D:7      | Reached skill level 5 in Spellcasting
  4606 | D:7      | Reached skill level 5 in Fighting
  4822 | D:7      | Reached skill level 5 in Invocations
  4836 | D:7      | Found a burning altar of Makhleb.
  4914 | D:7      | Noticed Menkaure
  4917 | D:7      | Killed Menkaure
  5141 | D:8      | Reached skill level 5 in Short Blades
  5141 | D:8      | Reached skill level 5 in Long Blades
  5141 | D:8      | Reached skill level 5 in Axes
  5141 | D:8      | Reached skill level 5 in Maces & Flails
  5141 | D:8      | Reached skill level 5 in Polearms
  5141 | D:8      | Reached skill level 5 in Staves
  5141 | D:8      | Reached skill level 5 in Throwing
  5141 | D:8      | Reached skill level 5 in Armour
  5141 | D:8      | Reached skill level 5 in Stealth
  5141 | D:8      | Reached skill level 5 in Shields
  5141 | D:8      | Reached skill level 5 in Unarmed Combat
  5141 | D:8      | Reached skill level 5 in Evocations
  5160 | D:9      | Reached XP level 10. HP: 23/76 MP: 18/18
  5464 | D:8      | Noticed a +0 short sword
  5464 | D:8      | Noticed a +0 short sword
  5464 | D:8      | Noticed a +0 falchion
  5465 | D:8      | Noticed a +0 spear
  5467 | D:8      | Noticed a +0 dagger
  5467 | D:8      | Noticed a +0 spear
  5467 | D:8      | Noticed a +0 falchion
  5468 | D:8      | Noticed a +0 dagger
  5500 | D:8      | Found a flagged portal.
  5506 | Bailey   | Entered a bailey
  6135 | D:8      | Found a hide-covered altar of Uskayaw.
  6470 | D:9      | Reached skill level 6 in Invocations
  6509 | D:9      | You fall into a shaft and drop 3 floors!
  6511 | D:12     | Noticed a green ugly thing
  6513 | D:12     | Noticed a tengu warrior
  6576 | D:10     | Entered Level 10 of the Dungeon
  6635 | D:10     | Found a staircase to the Orcish Mines.
  6705 | D:10     | Noticed a kobold demonologist
  6711 | D:10     | Killed a kobold demonologist
  6738 | D:10     | Found a blossoming altar of Fedhas.
  6766 | D:10     | Noticed an oklob plant
  6821 | D:10     | Noticed a kobold demonologist
  6821 | D:10     | Noticed a cyclops
  6830 | D:10     | Killed a cyclops
  6849 | D:10     | Noticed a sun demon
  6851 | D:10     | Killed a kobold demonologist
  6852 | D:10     | Reached skill level 5 in Conjurations
  6852 | D:10     | Reached skill level 5 in Summonings
  6852 | D:10     | Reached skill level 5 in Necromancy
  6852 | D:10     | Reached skill level 5 in Translocations
  6852 | D:10     | Reached skill level 5 in Transmutations
  6852 | D:10     | Reached skill level 5 in Fire Magic
  6852 | D:10     | Reached skill level 5 in Ice Magic
  6852 | D:10     | Reached skill level 5 in Air Magic
  6852 | D:10     | Reached skill level 5 in Earth Magic
  6852 | D:10     | Reached skill level 5 in Poison Magic
  6852 | D:10     | Reached XP level 11. HP: 68/83 MP: 19/21
  7041 | D:10     | Noticed a manticore
  7041 | D:10     | Noticed a boulder beetle
  7041 | D:10     | Noticed a red ugly thing
  7045 | D:10     | Killed a manticore
  7062 | D:10     | Killed a red ugly thing
  7072 | D:10     | Killed a boulder beetle
  7273 | D:10     | Noticed a centaur warrior
  7280 | D:10     | Killed a centaur warrior
  7281 | D:10     | Reached skill level 7 in Invocations
  7438 | D:10     | Found an ornate altar of the Wu Jian Council.
  7467 | D:10     | Noticed a centaur warrior
  7636 | D:10     | Noticed a tengu warrior
  7654 | D:10     | Noticed a tengu warrior
  7857 | D:9      | Paralysed by a hornet for 1 turns
  8641 | D:10     | Found a runed translucent door.
  8641 | D:10     | Noticed anoamas321's ghost (journeyman GnWr)
  8655 | D:10     | Killed a centaur warrior
  9081 | D:10     | Noticed a cyclops
  9087 | D:10     | Killed a cyclops
  9562 | D:11     | Reached XP level 12. HP: 91/91 MP: 23/23
  9613 | D:11     | Found a staircase to the Lair.
  9899 | D:11     | Noticed a boulder beetle
  9925 | D:11     | Killed a boulder beetle
  9926 | D:11     | Reached skill level 8 in Invocations
  9961 | D:11     | Noticed a two-headed ogre
  9964 | D:11     | Killed a two-headed ogre
 10082 | D:11     | Found a large runed translucent door.
 10109 | D:11     | Found a large runed translucent door.
 10251 | Lair:1   | Entered Level 1 of the Lair of Beasts
 10251 | Lair:1   | Found the +5 Force Lance {heavy, knockback}
 10548 | Lair:1   | Found a large runed translucent door.
 10548 | Lair:1   | Found a large runed translucent door.
 11068 | Lair:1   | Noticed Fartwhistle's ghost (journeyman GnHu)
 11372 | Lair:2   | Reached XP level 13. HP: 99/99 MP: 25/25
 11424 | Lair:2   | Reached skill level 9 in Invocations
 11926 | Lair:2   | Found a staircase to the Swamp.
 12039 | Lair:2   | Learned a level 5 spell: Fireball
 12045 | Lair:2   | Learned a level 5 spell: Freezing Cloud
 12051 | Lair:2   | Learned a level 5 spell: Summon Forest
 12111 | Lair:3   | Noticed Amaemon
 12121 | Lair:3   | Killed Amaemon
 12943 | Lair:3   | Found a staircase to the Snake Pit.
 13170 | Lair:4   | Reached skill level 10 in Ranged Weapons
 13170 | Lair:4   | Reached skill level 10 in Dodging
 13861 | Lair:4   | Found a viscous altar of Jiyva.
 13861 | Lair:4   | Found a staircase to the Slime Pits.
 13927 | Lair:5   | Entered Level 5 of the Lair of Beasts
 13963 | Lair:5   | Identified the +0 ring mail of the Orb {rC+ rN+ Stlth+}
 14169 | Lair:5   | Reached skill level 10 in Invocations
 14169 | Lair:5   | Reached XP level 14. HP: 108/108 MP: 27/27
 14906 | Lair:5   | Reached skill level 10 in Spellcasting
 14988 | Lair:5   | Noticed a dire elephant
 14994 | Lair:5   | Reached skill level 10 in Fighting
 15152 | Lair:5   | Killed a dire elephant
 16169 | D:12     | Reached skill level 10 in Hexes
 16563 | D:13     | Reached skill level 10 in Short Blades
 16563 | D:13     | Reached skill level 10 in Long Blades
 16563 | D:13     | Reached skill level 10 in Axes
 16563 | D:13     | Reached skill level 10 in Maces & Flails
 16563 | D:13     | Reached skill level 10 in Polearms
 16563 | D:13     | Reached skill level 10 in Staves
 16563 | D:13     | Reached skill level 10 in Throwing
 16563 | D:13     | Reached skill level 10 in Armour
 16563 | D:13     | Reached skill level 10 in Stealth
 16563 | D:13     | Reached skill level 10 in Shields
 16563 | D:13     | Reached skill level 10 in Unarmed Combat
 16563 | D:13     | Reached skill level 10 in Evocations
 16635 | D:13     | Noticed Azrael
 16641 | D:13     | Killed Azrael
 16734 | D:13     | Reached XP level 15. HP: 117/117 MP: 29/29
 16824 | D:13     | Reached skill level 11 in Invocations
 17182 | D:13     | Reached XP level 16. HP: 124/124 MP: 30/30
 17191 | D:13     | Found a gate to the Vaults.
 17381 | Orc:1    | Entered Level 1 of the Orcish Mines
 17580 | Orc:2    | Entered Level 2 of the Orcish Mines
 17586 | Orc:2    | Found a gate leading to a gauntlet.
 17598 | Gauntlet | Entered a Gauntlet
 17598 | Gauntlet | Found a transporter.
 17598 | Gauntlet | Found a transporter.
 17598 | Gauntlet | Found a transporter.
 17599 | Gauntlet | Found a transporter.
 17602 | Gauntlet | Found a transporter.
 17612 | Gauntlet | Found a transporter.
 17679 | Gauntlet | Found a transporter.
 17689 | Gauntlet | Found a transporter.
 17704 | Gauntlet | Found a transporter.
 17716 | Gauntlet | Found a transporter.
 17729 | Gauntlet | Found a transporter.
 17735 | Gauntlet | Found a transporter.
 17838 | Gauntlet | Identified the amulet of the Garden {Acrobat rC+ Int+5}
 17879 | Gauntlet | Identified the +0 cloak of Yduol {rC+ MP+9 Int+3 SInv}
 18141 | Gauntlet | Got the Commentary on the Icicle and Adjuration
 18274 | Gauntlet | Identified the +9 scimitar of the Morning {spect, Str+4}
 18512 | Orc:2    | Found a transporter.
 18737 | Orc:2    | Found a transporter.
 18737 | Orc:2    | Noticed redmage's ghost (journeyman MeEE)
 18953 | Orc:2    | Noticed Rupert
 18958 | Orc:2    | Killed Rupert
 19016 | Orc:2    | Found a staircase to the Elven Halls.
 19054 | Orc:2    | Found Puepsyezuz's Distillery.
 19054 | Orc:2    | Found Pilu Mant's Antique Armour Boutique.
 19054 | Orc:2    | Found Dueczam's Armour Shop.
 19054 | Orc:2    | Found Kibeasiar's Distillery.
 19065 | Orc:2    | Bought a polished ring mail for 306 gold pieces
 19065 | Orc:2    | Identified the +0 ring mail of Vustuenn {rF- Str+5 Dex+4}
                  | (You bought it in a shop on level 2 of the Orcish Mines)
 19066 | Orc:2    | Bought a potion of might for 52 gold pieces
 19066 | Orc:2    | Bought 2 potions of curing for 78 gold pieces
 19066 | Orc:2    | Bought a potion of invisibility for 104 gold pieces
 19066 | Orc:2    | Bought a potion of berserk rage for 65 gold pieces
 19066 | Orc:2    | Bought a potion of curing for 39 gold pieces
 19068 | Orc:2    | Bought a +1 pair of gloves of infusion for 231 gold pieces
 19083 | Orc:2    | Bought a potion of haste for 180 gold pieces
 19083 | Orc:2    | Bought 2 potions of attraction for 108 gold pieces
 19083 | Orc:2    | Bought a potion of cancellation for 144 gold pieces
 19083 | Orc:2    | Bought a potion of curing for 54 gold pieces
 19083 | Orc:2    | Bought a potion of mutation for 144 gold pieces
 19083 | Orc:2    | Bought a potion of curing for 54 gold pieces
 19083 | Orc:2    | Bought a potion of heal wounds for 90 gold pieces
 19720 | Orc:2    | Killed redmage's ghost
 19936 | D:12     | Learned a level 6 spell: Summon Cactus Giant
 20054 | D:14     | Reached skill level 12 in Invocations
 20947 | D:15     | Entered Level 15 of the Dungeon
 20982 | D:15     | Noticed Josephine
 20989 | D:15     | Reached XP level 17. HP: 108/129 MP: 24/32
 20994 | D:15     | Killed Josephine
 21133 | D:15     | Found a staircase to the Depths.
 22261 | Swamp:1  | Entered Level 1 of the Swamp
 22384 | Swamp:1  | Identified the +0 robe "Moicon" {Regen+ rCorr Int+2 Dex-5}
 23354 | Swamp:2  | Paralysed by a fenstrider witch for 4 turns
 23485 | Swamp:2  | Paralysed by a fenstrider witch for 2 turns
 23495 | Swamp:2  | Reached skill level 10 in Conjurations
 23495 | Swamp:2  | Reached skill level 10 in Summonings
 23495 | Swamp:2  | Reached skill level 10 in Necromancy
 23495 | Swamp:2  | Reached skill level 10 in Translocations
 23495 | Swamp:2  | Reached skill level 10 in Transmutations
 23495 | Swamp:2  | Reached skill level 10 in Fire Magic
 23495 | Swamp:2  | Reached skill level 10 in Ice Magic
 23495 | Swamp:2  | Reached skill level 10 in Air Magic
 23495 | Swamp:2  | Reached skill level 10 in Earth Magic
 23495 | Swamp:2  | Reached skill level 10 in Poison Magic
 24293 | Swamp:3  | Reached skill level 13 in Invocations
 24954 | Swamp:4  | Entered Level 4 of the Swamp
 25008 | Swamp:4  | Reached XP level 18. HP: 114/141 MP: 31/34
 25190 | Swamp:4  | Got a decaying rune of Zot
 26043 | Snake:1  | Entered Level 1 of the Snake Pit
 26744 | Snake:1  | Found Gawaal's Jewellery Shop.
 27757 | Snake:2  | Found a runed translucent door.
 27757 | Snake:2  | Noticed sleeves's ghost (adept BaSu)
 29580 | Snake:3  | Reached skill level 14 in Invocations
 30027 | Snake:3  | Reached XP level 19. HP: 149/149 MP: 36/36
 30740 | Snake:4  | Entered Level 4 of the Snake Pit
 30799 | Snake:4  | Found a frozen archway.
 30821 | IceCv    | Entered an ice cave
 31408 | IceCv    | Noticed an Ice Fiend
 31418 | IceCv    | Killed an Ice Fiend
 31418 | IceCv    | Noticed an Ice Fiend
 31696 | IceCv    | Killed an Ice Fiend
 33401 | Snake:4  | Got a serpentine rune of Zot
 33488 | Snake:4  | Found a shadowy altar of Dithmenos.
 34036 | Snake:4  | Learned a level 7 spell: Haunt
 34260 | Elf:1    | Entered Level 1 of the Elven Halls
 34323 | Elf:1    | Reached XP level 20. HP: 145/158 MP: 37/37
 34754 | Elf:1    | Reached skill level 15 in Invocations
 35166 | Elf:1    | Found a large runed translucent door.
 35166 | Elf:1    | Found a large runed translucent door.
 35169 | Elf:1    | Noticed Hiliwumm's ghost (veteran MiGl)
 35175 | Elf:1    | Noticed Nikola
 35193 | Elf:1    | Killed Nikola
 35623 | Elf:1    | Killed Hiliwumm's ghost
 35867 | Elf:1    | Identified the ring of Qexkomopio {rN+ Str+6}
 35914 | Elf:1    | Bought a scroll of immolation for 72 gold pieces
 35914 | Elf:1    | Bought a scroll of blinking for 135 gold pieces
 35914 | Elf:1    | Bought a scroll of immolation for 72 gold pieces
 35914 | Elf:1    | Bought a scroll of fear for 72 gold pieces
 36049 | Elf:2    | Found a runed translucent gate.
 36049 | Elf:2    | Found a runed translucent gate.
 36049 | Elf:2    | Found a runed translucent gate.
 36077 | Elf:2    | Found Zosuer's Assorted Antiques.
 36082 | Elf:2    | Bought a runed hat for 196 gold pieces
 37274 | Elf:2    | Found Kus Enga's Weapon Emporium.
 37404 | Elf:2    | Found Manig's Antique Weapon Boutique.
 37408 | Elf:2    | Bought a glowing triple crossbow for 299 gold pieces
 37408 | Elf:2    | Bought a buzzing whip for 172 gold pieces
 37408 | Elf:2    | Identified the +9 whip "Ydeib" {protect, rElec Str+8 Dex+4
                  | Stlth+} (You bought it in a shop on level 2 of the Elven
                  | Halls)
 37490 | Elf:2    | Found Caluzoh's Assorted Antiques.
 37495 | Elf:2    | Bought a faintly glowing arbalest for 399 gold pieces
 37495 | Elf:2    | Identified the +7 arbalest of Ticlist {flame, Int+2} (You
                  | bought it in a shop on level 2 of the Elven Halls)
 37495 | Elf:2    | Bought an iron wand for 168 gold pieces
 37495 | Elf:2    | Bought a scroll of teleportation for 126 gold pieces
 37571 | Elf:2    | Identified the +1 trident of Conformity {flame, rPois rF+}
 37827 | Elf:2    | Noticed Aizul
 37838 | Elf:2    | Killed Aizul
 38580 | Elf:3    | Entered Level 3 of the Elven Halls
 38647 | Elf:3    | Reached skill level 15 in Ranged Weapons
 38647 | Elf:3    | Reached skill level 15 in Dodging
 39085 | Elf:3    | Found Woss's Jewellery Boutique.
 39085 | Elf:3    | Found Naasoddafuch's Book Emporium.
 39087 | Elf:3    | Found Xuviujirgh's Book Emporium.
 39097 | Elf:3    | Bought a Grand Grimoire for 578 gold pieces
 39105 | Elf:3    | Learned a level 7 spell: Malign Gateway
 39147 | Elf:3    | Reached XP level 21. HP: 67/166 MP: 39/39
 39660 | Elf:3    | Identified the +5 mace "Fytaobra" {heavy, rF+}
 39671 | Elf:3    | Identified the ring "Neatt" {*Slow Will+ Str+3 Int+3 Dex+6}
 39803 | Elf:3    | Identified the +4 trident "Kesmet" {protect, rCorr}
 39815 | Elf:3    | Identified the +6 battleaxe of Floods {spect, +Blink rPois
                  | Dex+3}
 40136 | Elf:3    | Identified the ring of Serch {Ice rPois MP+9}
 40396 | Elf:3    | Identified the +9 war axe "Pemezait" {flame, rF+ Stlth+}
 40412 | Elf:3    | Identified the staff of fire "Istre" {+Blink rF+ Str+2}
 40449 | Elf:3    | Got Yxzih's Secrets of Floating Destruction
 40812 | Depths:1 | Entered Level 1 of the Depths
 40826 | Depths:1 | Found Roijeng's General Store.
 41017 | Depths:1 | Found a runed translucent gate.
 41017 | Depths:1 | Found a runed translucent gate.
 41017 | Depths:1 | Found an ancient bone altar of Kikubaaqudgha.
 41017 | Depths:1 | Found a runed translucent gate.
 41018 | Depths:1 | Noticed Sul Oph's ghost (adept MiFi)
 41019 | Depths:1 | Noticed an ancient lich
 41055 | Depths:1 | Found a hazy altar of Hepliaklqana.
 41193 | Depths:1 | Reached skill level 15 in Spellcasting
 41213 | Depths:1 | Reached skill level 16 in Invocations
 41290 | Depths:1 | Reached skill level 15 in Fighting
 41353 | Depths:1 | Found a gateway to Hell.
 41641 | Depths:1 | Noticed Louise
 41655 | Depths:1 | Killed Louise
 41693 | Depths:1 | Found a one-way gate to the infinite horrors of the Abyss.
 42141 | Depths:1 | Identified the ring "Wiwif Kucots" {rN++ Str+6}
 42147 | Depths:1 | Identified the +2 cloak of Huid {Str+3}
 42153 | Depths:1 | Got Kikubaaqudgha's Lectures on the Mausoleum
 42198 | Depths:1 | Killed Sul Oph's ghost
 42377 | Depths:1 | Killed an ancient lich
 42682 | Depths:2 | Noticed a golden dragon
 42688 | Depths:2 | Killed a golden dragon
 42712 | Depths:2 | Reached skill level 15 in Short Blades
 42712 | Depths:2 | Reached skill level 15 in Long Blades
 42712 | Depths:2 | Reached skill level 15 in Axes
 42712 | Depths:2 | Reached skill level 15 in Maces & Flails
 42712 | Depths:2 | Reached skill level 15 in Polearms
 42712 | Depths:2 | Reached skill level 15 in Staves
 42712 | Depths:2 | Reached skill level 15 in Throwing
 42712 | Depths:2 | Reached skill level 15 in Armour
 42712 | Depths:2 | Reached skill level 15 in Stealth
 42712 | Depths:2 | Reached skill level 15 in Shields
 42712 | Depths:2 | Reached skill level 15 in Unarmed Combat
 42712 | Depths:2 | Reached skill level 15 in Evocations
 42959 | Depths:2 | Found a shadowy altar of Dithmenos.
 43266 | Depths:2 | Noticed a golden dragon
 43480 | Depths:2 | Noticed a golden dragon
 43485 | Depths:2 | Identified the +10 falchion "Grim Tooth" {flame, Dex+4}
 43719 | Depths:2 | Reached XP level 22. HP: 160/175 MP: 41/41
 44071 | Depths:2 | Paralysed by a floating eye for 3 turns
 44177 | Depths:2 | Identified the +4 quick blade "Dragon's Funeral" {heavy,
                  | rC- Will+++ Int+2 SInv}
 44300 | Depths:2 | Killed a golden dragon
 44571 | Depths:2 | Killed a golden dragon
 44904 | Depths:2 | Found a one-way gate leading to the halls of Pandemonium.
 45312 | Depths:2 | Identified the +0 pair of gloves "Huaptes" {Will+ Stlth+}
 45347 | Depths:2 | Identified the staff of air "Qossudor" {rElec Str+3}
 45671 | Depths:3 | Found a one-way gateway to a ziggurat.
 45696 | Depths:2 | Paralysed by a sphinx for 5 turns
 45839 | Depths:3 | Bought a scroll of teleportation for 42 gold pieces
 45839 | Depths:3 | Bought a scroll of magic mapping for 105 gold pieces
 45839 | Depths:3 | Bought a scroll of blinking for 105 gold pieces
 45841 | Depths:3 | Bought the +6 arbalest "Damnation" {damnation} for 3280
                  | gold pieces
 45841 | Depths:3 | Found the +6 arbalest "Damnation" {damnation}
 45982 | Depths:3 | Noticed a golden dragon
 46199 | Depths:3 | Noticed a golden dragon
 46204 | Depths:3 | Killed a golden dragon
 46251 | Depths:3 | Reached skill level 17 in Invocations
 46307 | Depths:3 | Identified the +6 dagger of Freehold {flame, rElec Str+5
                  | Int+8 Stlth-}
 47386 | Depths:3 | Reached XP level 23. HP: 183/183 MP: 36/43
 47461 | Depths:3 | Killed a golden dragon
 48228 | Depths:4 | Entered Level 4 of the Depths
 48438 | Depths:4 | Noticed Parghit
 48439 | Depths:4 | Noticed a golden dragon
 48452 | Depths:3 | Killed a golden dragon
 48509 | Depths:4 | Noticed the Enchantress
 48683 | Vaults:1 | Entered Level 1 of the Vaults
 48946 | Vaults:1 | Identified the +9 war axe of Kitaseapt {freeze, rN+}
 49892 | Vaults:1 | Found Eskaeq's Book Emporium.
 50881 | Vaults:2 | You fall into a shaft and drop 2 floors!
 51111 | Vaults:4 | Noticed Margery
 51551 | Vaults:3 | Found the +11 plutonium sword {Contam Stlth-}
 51941 | Vaults:3 | Reached XP level 24. HP: 193/193 MP: 43/43
 52369 | Vaults:3 | Reached skill level 15 in Hexes
 52379 | Vaults:3 | Identified the +2 hand axe of Incongruity {heavy, Fragile
                  | rElec rPois}
 52655 | Vaults:3 | Found a gateway to a bazaar.
 52669 | Bazaar   | Entered a bazaar
 52669 | Bazaar   | Found Exko Badey's Book Emporium.
 52669 | Bazaar   | Found Ycousufa's Distillery.
 52669 | Bazaar   | Found Kadeclui's Book Shoppe.
 52669 | Bazaar   | Found Gaefo's Jewellery Shop.
 52701 | Bazaar   | Found Zuerrosm's Weapon Shoppe.
 52703 | Bazaar   | Bought a book of Ice for 800 gold pieces
 52712 | Bazaar   | Learned a level 8 spell: Borgnjor's Revivification
 52750 | Bazaar   | Bought a potion of mutation for 152 gold pieces
 52750 | Bazaar   | Bought a potion of haste for 190 gold pieces
 52750 | Bazaar   | Bought a potion of mutation for 152 gold pieces
 53542 | Vaults:4 | Reached skill level 18 in Invocations
 53739 | Vaults:4 | Learned a level 7 spell: Ozocubu's Refrigeration
 53782 | Vaults:5 | Entered Level 5 of the Vaults
 54317 | Vaults:4 | Killed Margery
 54860 | Vaults:5 | Noticed an ancient lich
 54874 | Vaults:5 | Killed an ancient lich
 55481 | Vaults:5 | Identified the ring of Spite {rElec rPois rN+ MP+9 Slay-4}
 55797 | Vaults:5 | Got Qaujaumm's Precepts of Burnt Bolts
 55800 | Vaults:5 | Identified the +6 falchion of Certain Death {freeze, MP+9
                  | Str+3}
 55868 | Vaults:5 | Identified the +3 pearl dragon scales "Jeusisum" {rF+ rN+
                  | MP+9 Dex-2}
 55946 | Vaults:5 | Identified the +10 rapier of Qazlal's Favour {freeze, Drain
                  | rPois rCorr Int+2}
 56088 | Vaults:5 | Identified the ring of the Chewing Ancients {rPois rF+++
                  | Will- Int-2 SInv}
 56089 | Vaults:5 | Identified the +2 flail "Lifebane" {freeze, Will+}
 56093 | Vaults:5 | Identified the +4 quarterstaff "Luhext" {drain, rC++ Str-5}
 56093 | Vaults:5 | Identified the ring of the Morning {Fire Str-3 Dex-3 Slay+6
                  | SInv}
 56096 | Vaults:5 | Identified the ring of the King {rElec rC+ Int+2}
 56519 | Vaults:5 | Identified the +4 falchion of Jaciptog {elec, rElec rF+
                  | Int+3}
 56872 | Vaults:5 | Reached XP level 25. HP: 172/200 MP: 44/44
 57304 | Vaults:5 | Identified the staff of cold "Ybuahoni" {rC+ Str+2}
 57307 | Vaults:5 | Got a silver rune of Zot
 57317 | Vaults:5 | Identified the staff of poison "Oceusinu" {rPois rN+ Str+3
                  | Int+2 Dex+4}
 57501 | Vaults:5 | Got the Papyrus of Glaciation and Silt
 57696 | Vaults:5 | Noticed an ancient lich
 57701 | Vaults:5 | Killed an ancient lich
 57751 | Vaults:5 | Got Jaub's Elucidation of Ensorcelling and the Discharge
 58086 | Abyss:2  | Cast into level 2 of the Abyss (a wizard)
 58489 | Abyss:2  | Found a corrupted altar of Lugonu.
 58632 | Abyss:2  | Found a corrupted altar of Lugonu.
 58793 | Vaults:2 | Escaped the Abyss
 58860 | Vaults:2 | HP: 3/202 [eldritch tentacle[the player character] (21)]
 58864 | Vaults:2 | Slain by an eldritch tentacle

Illustrated notes

Levels and vault maps discovered:
D:1:      dpeg_arrival_lava_altar, layout_loops_corners, serial_glass,
          glass_columns_a, glass_columns_a, ebering_ecumenical_altar_abandoned
D:2:      layout_basic
D:3:      layout_rooms, grunt_qazlal_sundering, cheibrodos_worm_habitat,
          nicolae_dithmenos_shadow_blocks
D:4:      layout_gridville, mainiacjoe_overflow_alcove_4,
          chequers_temple_overflow_statue_of_worship,
          mainiacjoe_overflow_cross_hatched, minmay_vboxes
D:5:      layout_basic, minmay_temple_entry_butterflies, uniq_prince_ribbit1
D:6:      layout_basic, mainiacjoe_overflow_24_doors, nicolae_overflow_squiral,
          nemelex_spade_bored_becter, serial_shops, nicolae_take_the_stairs,
          minmay_misc_feat_secret_circle, guppyfry_shop_venom, uniq_sigmund,
          uniq_grinder, uniq_blork_the_orc
D:7:      layout_rooms, nicolae_overflow_crystal_walls, uniq_menkaure
D:8:      layout_cave_pools, nicolae_uskayaw_en_pointe, enter_bailey_3
D:9:      layout_basic
D:10:     layout_stronghold, mainiacjoe_overflow_tiny_flanked, tgw_fedhas,
          orc_0_dummy, gammafunk_ghost_grave, nicolae_rejected_hall
D:11:     layout_roguey, dpeg_oklobed_lair, kennysheep_big_empty_room,
          lightli_elemental_guards
D:12:     layout_roguey
D:13:     layout_irregular_city, david_vaults_1, uniq_azrael
D:14:     layout_loops_ring, kennysheep_nondescript
D:15:     grunt_enter_depths_hoard, layout_small_grid, grunt_decor_fettered,
          minmay_diced_spiral, uniq_josephine
Lair:1:   layout_long_grid, ebering_ghost_disaster_area, st_stairs_8,
          wad_woods_road_03, serial_bayou_pond_b
Lair:2:   beast_lair_carwin_large_2, layout_misc_corridors, swamp_mist,
          st_stairs_6, minivault_19, grunt_forest_large_clearings
Lair:3:   wad_woods_pond, layout_regular_city, nicolae_snake_entry_squirm,
          forest_entry_grove, uniq_amaemon
Lair:4:   pond_and_an_island_with_a_cottage, layout_small_grid,
          dpeg_slime_entry_corner
Lair:5:   hangedman_lair_caniforms_friends, layout_gridlike, wormcave,
          nicolae_lair_grazing_beasts [nicolae_sub_lair_graze_edge,
          nicolae_sub_lair_graze_edge, nicolae_sub_lair_graze_edge,
          nicolae_sub_lair_graze_edge]
Swamp:1:  layout_basic_swamp, evilmike_swamp_ruin_rubble_2, swamp_pool2,
          infiniplex_staircase_pool
Swamp:2:  nicolae_swamp_standing_stones, layout_basic_swamp,
          evilmike_swamp_ruin_house_4
Swamp:3:  layout_basic_swamp, evilmike_swamp_ruin_house_1, st_swamp_ruins_3
Swamp:4:  swamp, layout_basic_swamp, swamp_pool5, nicolae_swamp_tree_designs
Snake:1:  cheibrodos_forgotten_conduit, layout_chambers, serial_shops,
          nicolae_shop_hallway_plus, nicolae_snake_mages_go_home
Snake:2:  layout_basic, ebering_ghost_inner_flame, grunt_megastairs_3
Snake:3:  layout_chambers, nicolae_snake_gridmaze_spiral
Snake:4:  grunt_snake_rune_spirals, layout_onion, basic_altar,
          portal_ice_cave_entry_ice_statue_two
Orc:1:    layout_caves, basic_altar, mines2_lemuel
Orc:2:    st_orc_ogre_mass, layout_diamond_mine, gauntlet_entry_generic,
          gammafunk_ghost_arena, uniq_rupert
Elf:1:    nicolae_elf_arrival_fired_up, layout_rooms,
          ebering_ghost_disaster_area, minmay_elf_crystal_heptagon, uniq_nikola
Elf:2:    elven_hall_of_blades_hangedman_original [nooodl_blade_entry_preview],
          layout_gridlike, serial_shops, shop, shop,
          nicolae_shop_pleasant_corner_grove, nicolae_shop_just_a_little_nook,
          uniq_aizul
Elf:3:    minmay_elf_hall_not_hex, layout_geoelf_grid, minmay_shop_grove
Vaults:1: nicolae_vaults_shelves_hall, nicolae_vaults_theta, v_misc_1,
          nicolae_vaults_tetromino_Z_1, v_misc_5,
          nicolae_vaults_little_squares_5, nicolae_vaults_tetromino_Z_2,
          layout_vaults_quadrants, serial_shops, nicolae_shop_just_a_little_nook
Vaults:2: nicolae_vaults_sightless_eye, minmay_crypt_entry_simple_walls,
          nicolae_vaults_closet_pinwheel_2, nicolae_vaults_stairing_the_circle,
          not_door_vault_mu, nicolae_vaults_library_corner,
          nicolae_vaults_border_crossing,
          nicolae_vaults_windows_and_doors_thing, hangedman_vaults_trim,
          nicolae_vaults_little_squares_2, nicolae_vaults_variable_pillar_hall,
          vaults_mumra_chevron, layout_vaults_omnibox, uniq_xtahua
Vaults:3: ontoclasm_vaults_shuriken, vaults_dpeg_doors, vaults_dpeg_cross,
          nicolae_vaults_little_squares_2, v_misc_9, nicolae_vaults_network_s,
          vaults_room_door_ring, ontoclasm_vaults_idyll,
          nicolae_vaults_weapon_check, hangedman_vaults_nails,
          vaults_room_door_ring, layout_vaults_omnicross, serial_shops,
          freezing_bzr
Vaults:4: dpeg_vaults_monster_box, v_misc_3,
          nicolae_vaults_trapezoid_lopsided_1, nicolae_vaults_ring_of_whatevers,
          nicolae_vaults_offset_grid_hallway_4, vaults_mumra_hexcomb,
          nicolae_vaults_network_periphery, vaults_dpeg_ring,
          layout_vaults_big_room, uniq_margery
Vaults:5: serial_shops
Depths:1: minmay_firetagon, layout_honeycomb, kennysheep_nub, serial_shops,
          nicolae_shop_pleasant_corner_grove, gammafunk_ghost_crypt,
          hellmouth_2, nicolae_abyss_entry_one_way_or_another,
          nicolae_hepliaklqana_hazy_memory
Depths:2: grunt_twisty_corner, layout_basic, rand_demon_pan_entry_9,
          lemuel_statue_altar, hell_entry, infiniplex_staircase_spiral,
          kennysheep_random_hallway
Depths:3: kennysheep_oblong_rooms, layout_gridlike, enter_ziggurat_a,
          hangedman_decor_peaks_small, hell_entry, abyss_entry_crystal,
          dreamdust_wishing_well, feat_on_display
Depths:4: evilmike_zot_entry_basic, layout_cave_pools, hell_entry,
          abyss_entry_small_statue_room, okawaru_ov_weapons_minmay,
          bh_walls_and_bars, minmay_shop_star, uniq_parghit, uniq_sojobo,
          uniq_enchantress

Skill      XL: |  1  2  3  4  5  6  7  8  9 10 11 12 13 14 15 16 17 18 19 20 21 22 23 24 |
---------------+-------------------------------------------------------------------------+-----
Invocations    | 1 2 3 4 5 6 7 8 10 11 12 13 14 15 16 17 18 | 18.8
Short Blades   | 1 2 3 5 6 7 8 9 10 11 12 13 14 15 16 17 | 17.4
Long Blades    | 1 2 3 5 6 7 8 9 10 11 12 13 14 15 16 17 | 17.4
Axes           | 1 2 3 5 6 7 8 9 10 11 12 13 14 15 16 17 | 17.4
Maces & Flails | 1 2 3 5 6 7 8 9 10 11 12 13 14 15 16 17 | 17.4
Polearms       | 1 2 3 5 6 7 8 9 10 11 12 13 14 15 16 17 | 17.4
Staves         | 1 2 3 5 6 7 8 9 10 11 12 13 14 15 16 17 | 17.4
Throwing       | 1 2 3 5 6 7 8 9 10 11 12 13 14 15 16 17 | 17.8
Armour         | 1 2 3 5 6 7 8 9 10 11 12 13 14 15 16 17 | 17.4
Stealth        | 1 2 3 5 6 7 8 9 10 11 12 13 14 15 16 17 | 17.4
Shields        | 1 2 3 5 6 7 8 9 10 11 12 13 14 15 16 17 | 17.4
Unarmed Combat | 1 2 3 5 6 7 8 9 10 11 12 13 14 15 16 17 | 17.4
Spellcasting   | 3 4 5 6 7 8 9 10 11 12 13 14 15 16 17 | 17.6
Evocations     | 1 2 3 5 6 7 8 9 10 11 12 13 14 15 16 17 | 17.4
Conjurations   | 1 2 3 4 5 6 7 8 9 10 11 12 13 14 | 14.8
Summonings     | 1 2 3 4 5 6 7 8 9 10 11 12 13 14 | 14.8
Necromancy     | 1 2 3 4 5 6 7 8 9 10 11 12 13 14 | 14.8
Translocations | 1 2 3 4 5 6 7 8 9 10 11 12 13 14 | 14.8
Transmutations | 1 2 3 4 5 6 7 8 9 10 11 12 13 14 | 14.8
Fire Magic     | 1 2 3 4 5 6 7 8 9 10 11 12 13 14 | 14.8
Ice Magic      | 1 2 3 4 5 6 7 8 9 10 11 12 13 14 | 14.8
Air Magic      | 1 2 3 4 5 6 7 8 9 10 11 12 13 14 | 14.8
Earth Magic    | 1 2 3 4 5 6 7 8 9 10 11 12 13 14 | 14.8
Poison Magic   | 1 2 3 4 5 6 7 8 9 10 11 12 13 14 | 14.8
Fighting       | 3 4 5 6 7 8 9 10 11 12 13 14 15 16 17 | 17.5
Ranged Weapons | 5 6 7 8 9 10 11 12 13 14 15 16 17 | 17.9
Dodging        | 5 6 7 8 9 10 11 12 13 14 15 16 17 | 17.9
Hexes          | 6 7 8 9 10 11 12 13 14 15 | 15.7

Action                     |  1- 3 |  4- 6 |  7- 9 | 10-12 | 13-15 | 16-18 | 19-21 | 22-24 | 25-27 || total
---------------------------+-------+-------+-------+-------+-------+-------+-------+-------+-------++-------
  Melee: Dagger            |       |       |     7 |       |       |       |       |       |       ||     7
         Short sword       |       |       |    18 |    78 |       |       |       |       |       ||    96
         Bite              |       |       |     3 |    12 |       |       |       |    25 |       ||    40
         Punch             |       |       |       |     4 |       |       |     3 |    17 |       ||    24
         Scimitar          |       |       |       |       |       |       |     6 |    20 |       ||    26
         War axe           |       |       |       |       |       |       |       |   104 |       ||   104
   Fire: Sling             |   107 |     7 |       |       |       |       |       |       |       ||   114
         Arbalest          |       |    96 |   210 |   553 |   662 |  1024 |  1119 |   359 |       ||  4023
         Triple crossbow   |       |       |       |       |       |       |     8 |   563 |   202 ||   773
   Cast: Slow              |       |       |       |     2 |       |       |       |       |       ||     2
         Cause Fear        |       |       |       |     1 |       |       |       |       |       ||     1
         Summon Forest     |       |       |       |       |    14 |    26 |    18 |    17 |     1 ||    76
         Freezing Cloud    |       |       |       |       |     8 |    36 |    47 |    31 |     1 ||   123
         Fireball          |       |       |       |       |     2 |       |    31 |     8 |       ||    41
         Summon Cactus Gia |       |       |       |       |       |     7 |    34 |    24 |     2 ||    67
         Haunt             |       |       |       |       |       |       |     8 |     9 |     1 ||    18
         Malign Gateway    |       |       |       |       |       |       |     9 |    16 |     1 ||    26
         Ozocubu's Refrige |       |       |       |       |       |       |       |     2 |       ||     2
 Invoke: Potion Petition   |       |       |       |     2 |       |     3 |     1 |     2 |     1 ||     9
         Call Merchant     |       |       |       |       |       |       |     1 |     4 |       ||     5
  Evoke: Wand              |       |       |       |    15 |     2 |       |     1 |       |       ||    18
    Use: Scroll            |       |     4 |     1 |    18 |     9 |     4 |    12 |    19 |       ||    67
         Potion            |       |       |     1 |     3 |     1 |     2 |     8 |     6 |     4 ||    25
   Stab: Distracted        |       |       |       |     1 |       |       |       |     3 |       ||     4
         Sleeping          |       |       |       |       |       |       |       |     5 |       ||     5
 Armour: Ring mail         |    34 |    44 |     5 |       |       |       |       |       |       ||    83
         Leather armour    |       |       |    41 |   175 |   156 |   158 |   128 |   193 |    46 ||   897
  Dodge: Dodged            |    51 |    56 |   177 |   555 |   540 |   484 |   568 |   906 |   253 ||  3590
